 Dungeon Crawl Stone Soup version 0.22.1-2-g9c5b331 (webtiles) character file.

7634 Mesmaeker13 the Fighter (level 10, -13/89 HPs)
             Began as a Demigod Fighter on Dec 3, 2018.
             Mangled by an orc warrior
             ... wielding a +0 dire flail
              (18 damage)
             ... on level 8 of the Dungeon.
             The game lasted 00:21:36 (15833 turns).

Mesmaeker13 the Fighter (Demigod Fighter)          Turns: 15833, Time: 00:21:37

Health: -13/89     AC: 15    Str: 26    XL:     10   Next: 66%
Magic:  13/13      EV:  7    Int: 17    God:
Gold:   636        SH: 12    Dex: 17    Spells: 9/9 levels left

rFire    . . .     SeeInvis .   a - +4 long sword
rCold    . . .     Gourm    .   c - +0 shield
rNeg     . . .     Faith    .   B - +0 chain mail
rPois    +         Spirit   .   (helmet restricted)
rElec    .         Reflect  .   m - +0 cloak
rCorr    .         Harm     .   N - +0 pair of gloves of Hangman {Int+3} (curse)
MR       +....                  (no boots)
Stlth    ..........             (no amulet)
HPRegen  0.24/turn              d - +5 ring of strength
MPRegen  0.13/turn              u - +2 ring of protection (curse)

@: no status effects
A: antennae 1, high mp 1, poison resistance
a: no special abilities


You were on level 8 of the Dungeon.
You were not hungry.

You visited 1 branch of the dungeon, and saw 9 of its levels.

You collected 636 gold pieces.

Inventory:

Hand Weapons
 a - a +4 long sword (weapon)
 k - a +0 spear of venom
 o - a +3 morningstar
 r - a +0 blowgun
 E - the cursed +3 spear of Untimely Demise {elec, +Fly rC++ Dex+3}
   (You found it on level 9 of the Dungeon)

   Occasionally, upon striking a foe, it will discharge some electrical energy
   and cause terrible harm.
   It affects your dexterity (+3).
   It greatly protects you from cold.
   It lets you fly.
   It has a curse placed upon it.
 K - the +6 mace "Q" {flame, +Fly rN+}
   (You found it on level 6 of the Dungeon)

   It has been specially enchanted to burn those struck by it, causing extra
   injury to most foes and up to half again as much damage against particularly
   susceptible opponents.
   It protects you from negative energy.
   It lets you fly.
Missiles
 h - 2 needles of confusion
 s - 57 poisoned needles
Armour
 c - a +0 shield (worn)
 m - a +0 cloak (worn)
 p - a +0 helmet
 B - a +0 chain mail (worn)
 M - a +0 plate armour
 N - the cursed +0 pair of gloves of Hangman (worn) {Int+3}
   (You found it on level 8 of the Dungeon)

   It affects your intelligence (+3).
   It has a curse placed upon it.
Jewellery
 d - a +5 ring of strength (left hand)
 u - a cursed +2 ring of protection (right hand)
Wands
 i - a wand of paralysis (6)
 j - a wand of polymorph (5)
 x - a wand of digging (16)
 C - a wand of random effects (19)
Scrolls
 b - 2 scrolls of noise {unknown}
 e - a scroll of immolation
 g - a scroll of blinking
 w - a scroll of fog {unknown}
 y - 2 scrolls of magic mapping
 F - a scroll of amnesia {unknown}
 I - a scroll of holy word {unknown}
 J - a scroll of acquirement {unknown}
Potions
 l - a potion of mutation
 n - 2 potions of heal wounds {unknown}
 q - 4 potions of curing
 t - a potion of agility {unknown}
 v - a potion of cancellation {unknown}
 z - 2 potions of brilliance {unknown}
 A - 3 potions of flight
 D - a potion of invisibility {unknown}
 G - a potion of magic {unknown}
 H - a potion of resistance {unknown}
 L - a potion of might
Comestibles
 f - 17 rations


   Skills:
 + Level 8.3 Fighting
 + Level 8.0 Long Blades
 + Level 8.3 Armour
 + Level 8.3 Shields


You had 9 spell levels left.
You didn't know any spells.
Your spell library was empty.

Dungeon Overview and Level Annotations

Branches:
Dungeon (9/15)             Temple (0/1) D:4            Lair (0/6) D:9
    Orc: D:9-12

Shops:
D:5 (


Innate Abilities, Weirdness & Mutations

You have an increased reservoir of magic. (+10% MP)
You have a pair of small antennae on your head.
Your system is resistant to poisons. (rPois)


Message History

The orc warrior hits you with a dire flail!
You hit the orc warrior.
The orc warrior is almost dead.
You block the orc warrior's attack.
You completely miss the orc warrior.
The orc warrior is almost dead.
You block the orc warrior's attack.
The orc priest calls down the wrath of Beogh upon you.
Beogh smites you!
You hit the orc warrior.
The orc warrior is almost dead.
The orc warrior hits you with a dire flail!
* * * LOW HITPOINT WARNING * * *
You closely miss the orc warrior.
The orc warrior is almost dead.
The orc priest invokes the aid of Beogh against you.
Beogh smites you!
* * * LOW HITPOINT WARNING * * *
The orc warrior hits you with a dire flail!!
You die...

##..)##...≈#....#..#....#
##...##...≈#....####....###
..........≈###.............(
..._.).8.....#.#############
..........≈..#.#{
##...##...≈..#.# ##...##..≈≈..#.#
.# ...8.....≈≈..#.######''###
..........≈###..@oooo..... .###
..........≈#....############....#
≈≈≈......≈≈#....#..........#....#
≈≈≈≈≈....≈≈#....#..........#....#
≈≈≈≈≈≈≈.≈≈≈#....#.....≈....#..g.#
≈≈≈≈≈≈≈≈≈≈≈######≈≈≈≈≈≈≈≈≈≈######
≈≈≈≈≈≈≈≈≈≈≈≈≈≈≈≈≈......≈PP≈≈≈≈≈≈≈
..≈≈≈≈≈≈≈≈............P...P.≈≈≈..
...≈≈≈≈≈≈≈≈.........♣♣♣♣♣P.......


You could see 2 orc warriors, an orc priest and an orc.

Vanquished Creatures
  Harold (D:7)
  A two-headed ogre (D:8)
  A manticore (D:8)
  Joseph (D:7)
  A merfolk (D:8)
  A hippogriff (D:8)
  A yak (D:8)
  6 wyverns (D:8)
  A sky beast (D:7)
  2 orc warriors (D:8)
  3 ogres
  6 black bears
  A necrophage (D:9)
  A phantom (D:5)
  5 centaurs
  A crocodile (D:9)
  3 big kobolds
  8 bullfrogs
  2 gnoll sergeants (D:8)
  4 scorpions
  8 electric eels
  A jelly (D:6)
  A quasit (D:9)
  A hound (D:9)
  5 orc priests
  A bullfrog skeleton (D:8)
  2 gnoll shamans (D:8)
  An iguana (D:6)
  Natasha (thrice) (D:2)
  10 orc wizards
  5 worker ants
  A hound skeleton (D:6)
  5 gnolls
  14 adders
  4 shadow imps
  4 oozes
  2 worms
  6 leopard geckos
  16 orcs
  5 giant cockroaches
  4 goblins
  6 hobgoblins
  10 jackals
  23 kobolds
  2 quokkas
  8 bats
  A frilled lizard (D:2)
  A leopard gecko skeleton (D:6)
  A quokka skeleton (D:9)
  2 rats
203 creatures vanquished.

Vanquished Creatures (others)
  2 plants (D:8)
2 creatures vanquished.

Grand Total: 205 creatures vanquished

Notes
Turn   | Place    | Note
-------+----------+-------------------------------------------
     0 | D:1      | Mesmaeker13 the Demigod Fighter began the quest for the
                  | Orb.
     0 | D:1      | Reached XP level 1. HP: 18/18 MP: 3/3
   460 | D:2      | Reached XP level 2. HP: 21/25 MP: 4/4
  1069 | D:2      | Reached XP level 3. HP: 22/31 MP: 5/5
  1615 | D:2      | Found a shimmering altar of Xom.
  1669 | D:2      | Noticed Natasha
  1734 | D:2      | Killed Natasha
  1750 | D:2      | Reached XP level 4. HP: 29/38 MP: 6/6
  1779 | D:2      | Noticed Natasha
  1785 | D:2      | Killed Natasha
  2169 | D:2      | Noticed Natasha
  2195 | D:2      | Killed Natasha
  2957 | D:3      | Reached XP level 5. HP: 36/45 MP: 7/7
  4117 | D:4      | Found an ancient bone altar of Kikubaaqudgha.
  4117 | D:4      | Found a basalt altar of Yredelemnul.
  4117 | D:4      | Found an opulent altar of Gozag.
  4117 | D:4      | Found a stormy altar of Qazlal.
  4117 | D:4      | Found a glowing silver altar of Zin.
  4117 | D:4      | Found a sparkling altar of Nemelex Xobeh.
  4117 | D:4      | Found a blossoming altar of Fedhas.
  4162 | D:4      | Found a white marble altar of Elyvilon.
  4448 | D:4      | Found a sparkling altar of Nemelex Xobeh.
  4488 | D:4      | Found a staircase to the Ecumenical Temple.
  4801 | D:5      | Entered Level 5 of the Dungeon
  5002 | D:5      | Noticed a phantom
  5033 | D:5      | Killed a phantom
  5033 | D:5      | Reached XP level 6. HP: 30/52 MP: 8/8
  5277 | D:5      | Found an iron altar of Okawaru.
  5604 | D:5      | Got a blackened mace
  6064 | D:5      | Found Dobuob's Antique Weapon Emporium.
  6366 | D:6      | Got a dazzling mace
  6374 | D:6      | Identified the cursed +2 mace "Ulyuryss" {flame, Str+3
                  | Int+6 Dex-2} (You found it on level 5 of the Dungeon)
  6490 | D:6      | Reached XP level 7. HP: 60/60 MP: 9/9
  6589 | D:6      | Found a shattered altar of Ashenzari.
  6647 | D:6      | Identified the +6 mace "Q" {flame, +Fly rN+} (You found it
                  | on level 6 of the Dungeon)
  7859 | D:6      | Reached skill level 5 in Fighting
  7859 | D:6      | Reached skill level 5 in Armour
  8109 | D:7      | Reached skill level 5 in Shields
  8348 | D:7      | Noticed Harold
  8366 | D:7      | Killed Harold
  8366 | D:7      | Reached skill level 5 in Long Blades
  8366 | D:7      | Reached XP level 8. HP: 24/70 MP: 10/10
  9132 | D:7      | Reached XP level 9. HP: 75/75 MP: 11/11
  9175 | D:7      | Noticed Joseph
  9195 | D:7      | Killed Joseph
 11290 | D:8      | Noticed a manticore
 11299 | D:8      | Gained mutation: You have a pair of small antennae on your
                  | head. [potion of mutation]
 11299 | D:8      | Gained mutation: Your system is resistant to poisons.
                  | (rPois) [potion of mutation]
 11315 | D:8      | Killed a manticore
 12336 | D:8      | Reached XP level 10. HP: 27/86 MP: 13/13
 13444 | D:9      | Got a scorched spear
 13485 | D:9      | Found a hazy altar of Hepliaklqana.
 13497 | D:9      | Found a bloodstained altar of Trog.
 13561 | D:9      | Found a staircase to the Lair.
 14333 | D:8      | Found a sacrificial altar of Ru.
 15158 | D:8      | Got a pair of jewelled gloves
 15165 | D:8      | Identified the cursed +0 pair of gloves of Hangman {Int+3}
                  | (You found it on level 8 of the Dungeon)
 15794 | D:8      | Identified the cursed +3 spear of Untimely Demise {elec,
                  | +Fly rC++ Dex+3} (You found it on level 9 of the Dungeon)
 15812 | D:8      | Noticed a two-headed ogre
 15827 | D:8      | Killed a two-headed ogre
 15833 | D:8      | Mangled by an orc warrior

Skill      XL: |  1  2  3  4  5  6  7  8  9 10 |
---------------+-------------------------------+-----
Long Blades    | 2 3 4 5 7 8 |  8.0
Fighting       | 3 4 5 6 7 8 |  8.3
Armour         | 3 4 5 6 7 8 |  8.3
Shields        | 3 4 5 6 7 8 |  8.3

Action                   |  1- 3 |  4- 6 |  7- 9 | 10-12 || total
-------------------------+-------+-------+-------+-------++-------
Melee: Long sword        |   121 |   212 |   346 |   245 ||   924
 Fire: Blowgun           |       |     3 |     9 |     1 ||    13
Throw: Throwing net      |       |       |     4 |     1 ||     5
Evoke: Wand              |       |     8 |    14 |     5 ||    27
  Use: Scroll            |     1 |     5 |    11 |     2 ||    19
       Potion            |       |     2 |     2 |       ||     4
 Stab: Held in net/web   |       |       |     3 |     1 ||     4
       Paralysed         |       |       |       |     7 ||     7
  Eat: Chunk             |     2 |     9 |     9 |     4 ||    24
       Ration            |       |     2 |     3 |     2 ||     7
Armor: Scale mail        |    67 |    68 |       |       ||   135
       Chain mail        |       |       |   169 |    85 ||   254
Dodge: Dodged            |    37 |    64 |    93 |    50 ||   244
Block: Shield            |    88 |   103 |   211 |   135 ||   537
       Rpst.: Long sword |    17 |    20 |    28 |    10 ||    75
